 Dungeon Crawl Stone Soup version 0.30-a0-778-g2ef04afb54 (webtiles) character file.

Game seed: 14750277893541491634

18 Twinkles the Vexing (level 2, 0/33 HPs)
             Began as a Barachi Hexslinger on Feb 15, 2023.
             Succumbed to an adder's poison
             ... on level 2 of the Dungeon.
             The game lasted 00:02:40 (641 turns).

Twinkles the Vexing (Barachi Hexslinger)             Turns: 641, Time: 00:02:41

Health: 0/33       AC: 21    Str: 11    XL:     2   Next: 70%
Magic:  0/3        EV:  2    Int: 13    God:
Gold:   68         SH:  8    Dex: 12    Spells: 2/3 levels left

rFire   . . .      SeeInvis .    a - +1 sling
rCold   . . .      Faith    .    g - +2 kite shield
rNeg    . . .      Spirit   .    (body armour currently unavailable)
rPois   +          Reflect  .    (helmet currently unavailable)
rElec   .          Harm     .    (cloak currently unavailable)
rCorr   +          Rampage  .    (gloves currently unavailable)
Will    .....      NoTele   +    (boots currently unavailable)
Stlth   +                        (no amulet)
HPRegen 0.25/turn                i - ring of resist corrosion
MPRegen 0.08/turn                (no ring)

@: lethally poisoned (0 -> -3), tree-form, invisible
A: stationary, stasis, torment immunity, boosted hp, (amphibious), (slowness 1),
(strong legs 1), +LOS
a: no special abilities


You were on level 2 of the Dungeon.
You were a tree.
You visited 1 branch of the dungeon, and saw 2 of its levels.

You collected 68 gold pieces.

Inventory:

Hand Weapons
 a - a +1 sling (weapon)
Armour
 c - a +0 robe
 g - a +2 kite shield (worn)
 h - a +0 leather armour (melded)
 m - a +0 pair of gloves (melded)
Jewellery
 i - a ring of resist corrosion (left branch)
Scrolls
 b - a scroll of poison
 d - a scroll of fear {unknown}
 e - a scroll of vulnerability {unknown}
 k - a scroll of immolation {unknown}
Potions
 j - a potion of might {unknown}
 l - a potion of heal wounds {unknown}
 I - a potion of invisibility
 P - a potion of lignification


   Skills:
 + Level 2.0 Fighting
 + Level 2.3 Ranged Weapons
 + Level 2.7 Dodging
 + Level 0.3 Stealth
 - Level 1.1 Spellcasting
 - Level 3.2 Hexes


You had 2 spell levels left.
You knew the following spells:

 Your Spells              Type           Power      Damage    Failure   Level
a - Slow                  Hex            36%        N/A       26%         1

Your spell library contained the following spells:

 Spells                   Type           Power      Damage    Failure   Level
 Inner Flame              Hex/Fire       4%         N/A       83%         3
 Portal Projectile        Hex/Tloc       8%         N/A       83%         3
 Cause Fear               Hex            4%         N/A       95%         4


Dungeon Overview and Level Annotations

Branches:
Dungeon (2/15) Zot: 11226

Altars:


Innate Abilities, Weirdness & Mutations

You are a tree.
Your roots penetrate the ground, keeping you stationary.
You cannot be teleported.
You are immune to unholy pain and torment.
Your maximum health is greatly increased.
Your equipment is partially melded.
((You are amphibious.))
((You cover ground slowly.))
((You can hop short distances.))
You have an extended range of vision and can be seen from far away.


Message History

You are too injured to fight recklessly!
You are too injured to fight recklessly!
You feel sick. The adder barely misses you. The adder bites you.
You are more poisoned.
The adder poisons you!
You feel sick.
Aiming: Slow (safe; 34% risk of failure)
Press: ? - help, Q - select action, (/) - cycle Shift-Dir - straight line, f/p - adder
Aim: an adder (severely wounded, chance to affect: 51%)
The adder resists with significant effort.
You feel sick. The adder closely misses you. The adder bites you.
You are lethally poisoned!
The adder poisons you!
Aiming: Slow (safe; 34% risk of failure)
Press: ? - help, Q - select action, (/) - cycle Shift-Dir - straight line, f/p - adder
Aim: an adder (heavily wounded, chance to affect: 51%)
The adder resists with significant effort.
* * * LOW HITPOINT WARNING * * *
You feel sick. The adder bites you but does no damage.
Aiming: Slow (safe; 34% risk of failure)
Press: ? - help, Q - select action, (/) - cycle Shift-Dir - straight line, f/p - adder
Aim: an adder (heavily wounded, chance to affect: 51%)
The adder seems to slow down.
* * * LOW HITPOINT WARNING * * *
You feel sick. The adder bites you.
* * * LOW HITPOINT WARNING * * *
You don't have enough magic to cast this spell.
Unknown command.
Unknown command.
It was a potion of lignification.
You turn into a tree.
Your +0 pair of gloves melds into your body.
Your +0 leather armour melds into your body.
Your roots penetrate the ground.
P - a potion of lignification
* * * LOW HITPOINT WARNING * * *
You feel sick. You block the adder's attack.
It was a potion of invisibility.
You fade into invisibility!
I - a potion of invisibility You die...

....... ..##..# .#
.......##.##..##.
................
.............. ...#.#..##..#
.......#..# # #...#.#..##.# #
......####...#.....#.# ..
...........$♣Sw......# .#.
.....####...###.....# .#.
.... #...###.....##..
...###..######...............
.............................
.... .......##........#...#..
...<###.######.#.###..#......
..##...........#.###..##.##..
..##.##.##...........## .# >.


You could see an adder (unable to see you, slow) and a dart slug (unable to see
you).

Vanquished Creatures
  A worm (D:2)
  A dart slug (D:1)
  An endoplasm (D:1)
  A giant cockroach (D:1)
  A hobgoblin (D:1)
  A kobold (D:1)
  A ball python (D:1)
  A bat (D:1)
  2 frilled lizards (D:1)
  6 rats (D:1)
16 creatures vanquished.

Vanquished Creatures (others)
  2 plants (D:1)
2 creatures vanquished.

Grand Total: 18 creatures vanquished

Notes
Turn   | Place    | Note
-------+----------+-------------------------------------------
     0 | D:1      | Twinkles the Barachi Hexslinger began the quest for the
                  | Orb.
     0 | D:1      | Reached XP level 1. HP: 15/15 MP: 2/2
   126 | D:1      | Reached XP level 2. HP: 22/22 MP: 3/3
   638 | D:2      | HP: 6/22 [poisoned by an adder]
   639 | D:2      | HP: 2/22 [adder (3)]
   641 | D:2      | Succumbed to an adder's poison

Illustrated notes

Levels and vault maps discovered:
D:1:      dpeg_arrival_ratfight, layout_basic, serial_bayou_lagoon_b
D:2:      layout_basic, basic_altar, minmay_crystal_room,
          minmay_misc_feat_roman, uniq_natasha

Skill      XL: |  1  2 |
---------------+-------+-----
Fighting       | 2 |  2.0
Ranged Weapons | |  2.3
Dodging        | |  2.7
Stealth        | |  0.3
Spellcasting   | |  1.1
Hexes          | |  3.2

Action                     || total
---------------------------++-------
   Fire: Sling             ||    59
   Cast: Slow              ||     3
    Use: Potion            ||     2
 Armour: Robe              ||     5
         Leather armour    ||     3
  Dodge: Dodged            ||    21
  Block: Kite shield       ||    11

Table legend: (Time is in decaauts)
 A = Elapsed time spent in this place.
 B = Non-inter-level travel time spent in this place.
 C = Inter-level travel time spent in this place.
 D = Time resting spent in this place.
 E = Time spent auto-exploring this place.
 F = Levels seen in this place.
 G = Mean time per level.
                   A        B        C        D        E       F      G
               +--------+--------+--------+--------+--------+-----+--------+
         Total |    773 |    733 |     40 |      0 |    569 |   2 |  386.5 |
       Dungeon |    773 |    733 |     40 |      0 |    569 |   2 |  386.5 |
               +--------+--------+--------+--------+--------+-----+--------+

Top non-repeatable levels by time:
     D:1: 694 daAuts
     D:2: 78 daAuts
